Map: Ultralove

Players

ManlyManMeat - Winner!

  • Race: Zerg Zerg
  • League: Diamond
  • Spawn Location: 1:00

VOD

Have the link to the VOD?

Description

Time

  • Played on: June 23, 2025, 7:12 a.m.
  • Length: 8:41
Show
View Real Time Build Order
Export as new Build Order

ManlyManMeat Zerg - Winner!

Build Orders:  

Get SALT Encoding   

  12  0:00  Drone  
  13  0:11  Drone  
  14  0:23  Drone, Extractor  
  15  0:33  Overlord  
  15  1:00  Drone  
  15  1:07  Hatchery  
  15  1:10  Drone  
  15  1:18  Drone  
  17  1:20  Drone  
  18  1:38  Extractor  
  17  1:44  Spawning Pool  
  16  1:52  Drone  
  16  1:54  Drone  
  18  2:01  Drone  
  19  2:15  Drone  
  20  2:50  Queen  
  20  2:51  Queen  
  20  2:52  Zergling x4  
  20  2:58  Overlord  
  26  3:26  Drone  
  26  3:27  Drone x2  
  26  3:29  Drone  
  30  3:56  Metabolic Boost  
  30  3:58  Baneling Nest  
  29  4:06  Zergling x6  
  29  4:07  Overlord  
  32  4:20  Overlord  
  32  4:25  Drone x3  
  35  4:47  Drone x2  
  37  4:52  Hatchery  
  35  5:07  Zergling x12  
  37  5:30  Zergling x12  
  37  5:34  Baneling x2  
  43  5:48  Evolution Chamber  
  40  6:04  Zergling x2  
  40  6:05  Zergling x6  
  40  6:08  Queen  
  45  6:12  Baneling  
  45  6:13  Baneling  
  45  6:37  Zergling x6  
  45  6:38  Zergling x10  
  45  6:39  Overlord  
  52  6:51  Drone  
  52  6:52  Drone x2  
  46  7:24  Zergling x12  
  46  7:25  Zergling x4  
  53  7:30  Zergling x2  
  53  7:47  Baneling x2  
  53  7:57  Drone x3  
  53  7:59  Zergling x12  
  62  8:05  Baneling  
Tags
 
League
Diamond
Matchup
Co-op
Replay Pack
Myownreplay2
Add a new tag
Caveats
  • Supply blocks, unpowered buildings, or Contaminate may cause inaccurate times.
  • Supply counts are checked every 10 seconds.